Map: Vallée des cactus EC

Players

AgCl - Winner!

  • Race: Protoss Protoss

mOOnLiGhT

  • Race: Zerg Zerg

VOD

Have the link to the VOD?

Description

Time

  • Played on: May 15, 2015, 3:48 a.m.
  • Length: 16:27
Show
View Real Time Build Order
Export as new Build Order

AgCl Protoss - Winner!

Build Orders: Oracle Opening, Oracle Opening 

Get SALT Encoding   

  12  0:18  Pylon  
  12  0:24  Assimilator  
  12  0:34  Probe (Chrono Boost)  
  13  0:37  Gateway  
  13  0:47  Probe (Chrono Boost)  
  14  0:56  Probe (Chrono Boost)  
  15  1:04  Probe  
  16  1:10  Assimilator  
  16  1:16  Probe (Chrono Boost)  
  17  1:28  Probe (Chrono Boost), Pylon  
  18  1:33  Zealot  
  18  1:36  Probe (Chrono Boost)  
  21  1:45  Probe (Chrono Boost)  
  22  1:52  Cybernetics Core  
  22  1:58  Probe (Chrono Boost)  
  23  2:05  Probe (Chrono Boost)  
  24  2:15  Probe  
  25  2:28  Stargate  
  25  2:29  Probe  
  26  2:41  Probe (Chrono Boost)  
  29  2:52  Mothership Core (Chrono Boost)  
  27  3:11  Nexus  
  27  3:16  Gateway  
  27  3:17  Oracle (Chrono Boost)  
  30  3:21  Warp Gate  
  30  3:37  Pylon  
  30  3:43  Assimilator  
  30  3:52  Probe  
  30  3:54  Void Ray (Chrono Boost)  
  35  4:00  Probe  
  36  4:12  Probe  
  37  4:25  Probe (Chrono Boost)  
  37  4:29  Probe (Chrono Boost)  
  37  4:30  Phoenix (Chrono Boost)  
  38  4:35  Probe (Chrono Boost)  
  38  4:38  Probe (Chrono Boost)  
  40  4:42  Probe  
  41  4:48  Probe  
  42  4:54  Probe  
  42  4:56  Oracle (Chrono Boost)  
  46  5:05  Probe  
  47  5:07  Forge  
  47  5:09  Probe  
  48  5:15  Gateway  
  48  5:17  Probe  
  49  5:21  Pylon  
  49  5:23  Pylon x2  
  45  5:36  Probe (Chrono Boost)  
  45  5:37  Probe (Chrono Boost), Pylon  
  46  5:46  Oracle  
  46  5:48  Probe (Chrono Boost)  
  46  5:49  Probe (Chrono Boost)  
  52  5:57  Probe  
  52  5:59  Probe (Chrono Boost)  
  52  6:03  Photon Cannon  
  50  6:11  Probe (Chrono Boost)  
  50  6:15  Probe (Chrono Boost)  
  50  6:20  Probe (Chrono Boost), Pylon  
  50  6:22  Probe (Chrono Boost)  
  50  6:23  Assimilator  
  52  6:28  Probe, Photon Cannon  
  52  6:30  Pylon  
  53  6:33  Probe  
  54  6:41  Gateway  
  54  6:44  Photon Cannon  
  54  6:46  Probe  
  55  6:49  Photon Cannon  
  55  7:04  Fleet Beacon  
  55  7:05  Protoss Air Weapons Level 1 (Chrono Boost)  
  55  7:07  Probe (Chrono Boost), Pylon, Stargate  
  57  7:28  Probe (Chrono Boost)  
  57  7:32  Carrier (Chrono Boost)  
  57  7:34  Carrier (Chrono Boost)  
  56  7:38  Pylon  
  56  7:41  Probe (Chrono Boost)  
  56  7:49  Probe (Chrono Boost)  
  57  7:58  Protoss Shields Level 1  
  69  7:59  Graviton Catapult (Chrono Boost)  
  69  8:02  Probe (Chrono Boost)  
  69  8:04  Probe (Chrono Boost)  
  71  8:09  Probe  
  72  8:13  Probe  
  72  8:15  Gateway  
  72  8:18  Pylon  
  73  8:36  Carrier (Chrono Boost)  
  73  8:37  Nexus  
  73  8:39  Pylon  
  73  8:42  Probe  
  73  8:43  Probe  
  75  8:56  Probe, Twilight Council  
  75  9:00  Probe, Assimilator  
  77  9:04  Protoss Air Weapons Level 2  
  77  9:19  Pylon  
  77  9:20  Photon Cannon  
  69  9:35  Zealot x2  
  69  9:36  Carrier (Chrono Boost)  
  73  9:59  Zealot  
  74  10:00  Zealot  
  74  10:03  Carrier (Chrono Boost)  
  82  10:15  Protoss Ground Weapons Level 1 (Chrono Boost), Charge (Chrono Boost)  
  82  10:22  Stargate  
  80  10:29  Pylon  
  80  10:34  Carrier (Chrono Boost)  
  76  10:36  Dark Shrine  
  76  10:42  Pylon  
  81  11:02  Assimilator  
  81  11:04  Pylon  
  74  11:23  Carrier (Chrono Boost)  
  74  11:37  Probe (Chrono Boost)  
  77  11:42  Probe (Chrono Boost)  
  77  11:43  Probe (Chrono Boost)  
  83  11:51  Dark Templar  
  85  11:58  Probe  
  87  12:03  Nexus  
  87  12:05  Templar Archives, Pylon  
  86  12:12  Protoss Air Weapons Level 3 (Chrono Boost)  
  86  12:17  Carrier (Chrono Boost)  
  86  12:18  Probe (Chrono Boost)  
  89  12:23  Probe x2 (Chrono Boost)  
  89  12:27  Probe (Chrono Boost)  
  90  12:33  Psionic Storm  
  96  12:50  High Templar  
  98  12:51  Probe x2  
  98  12:52  Probe  
  101  13:03  Probe  
  102  13:09  Pylon  
  102  13:15  High Templar  
  102  13:16  Pylon, Photon Cannon  
  102  13:17  High Templar  
  106  13:25  Pylon  
  106  13:29  High Templar  
  107  13:38  Archon  
  107  13:49  Photon Cannon  
  107  13:52  Gateway  
  107  13:53  Gateway  
  107  13:54  Pylon  
  107  13:56  Gateway  
  107  13:58  High Templar x2  
  111  14:03  Zealot  
  111  14:04  Assimilator  
  111  14:07  Photon Cannon, Assimilator  
  111  14:08  Gateway  
  113  14:11  Pylon  
  113  14:15  Protoss Ground Weapons Level 2 (Chrono Boost)  
  113  14:21  Gateway  
  113  14:24  Gateway  
  113  14:26  Dark Templar  
  115  14:31  Zealot x2  
  119  14:40  Carrier  
  119  14:45  Robotics Facility  
  119  14:46  Pylon  
  119  14:55  Dark Templar, Zealot  
  119  14:57  Pylon  
  125  15:17  Dark Templar  
  121  15:38  Observer (Chrono Boost)  
  122  15:50  Gateway  
  122  15:51  Gateway x2  
  122  15:53  Observer (Chrono Boost), Pylon  
  123  15:57  Gateway  
  123  15:59  Zealot  
  123  16:00  Zealot x2  
  123  16:01  Nexus  
  123  16:03  Assimilator  
  129  16:05  Assimilator  
  129  16:07  Pylon, Photon Cannon  
Show
View Real Time Build Order
Export as new Build Order

mOOnLiGhT Zerg 

Build Orders: Hatch First, Zergling Baneling 

Get SALT Encoding   

  12  0:01  Drone  
  13  0:10  Drone  
  14  0:17  Overlord  
  14  0:23  Drone, Extractor  
  15  0:48  Hatchery  
  14  0:54  Drone  
  15  0:57  Extractor  
  15  0:59  Drone  
  15  1:09  Spawning Pool  
  14  1:13  Drone  
  15  1:20  Drone  
  15  1:22  Drone  
  17  1:26  Drone  
  18  1:37  Drone  
  19  1:47  Overlord  
  19  2:01  Roach Warren, Queen  
  18  2:07  Zergling x2  
  21  2:14  Queen  
  23  2:16  Drone  
  25  2:23  Baneling Nest  
  25  2:26  Metabolic Boost  
  25  2:27  Drone  
  25  2:31  Zergling x2  
  25  2:46  Spine Crawler  
  25  3:03  Queen  
  25  3:04  Drone x2  
  25  3:05  Drone x4  
  32  3:15  Overlord x2  
  32  3:27  Zergling x6  
  32  3:28  Zergling x2  
  36  3:39  Queen  
  38  3:50  Zergling x6  
  38  3:51  Zergling x6  
  44  3:56  Overlord  
  44  4:07  Baneling x6  
  44  4:08  Baneling x4  
  44  4:09  Zergling x2  
  45  4:10  Zergling x2  
  44  4:29  Queen  
  46  4:42  Zergling x16  
  41  5:07  Queen  
  41  5:12  Queen  
  41  5:13  Drone x4  
  41  5:14  Drone x6  
  53  5:30  Overlord x2  
  53  5:31  Overlord  
  50  5:44  Overlord x4  
  52  5:51  Overlord  
  52  6:00  Extractor  
  52  6:02  Extractor  
  52  6:03  Extractor  
  45  6:11  Lair  
  45  6:14  Zergling x14  
  51  6:46  Drone x4  
  54  7:07  Drone x6  
  54  7:08  Drone  
  61  7:25  Hydralisk Den  
  60  7:35  Overlord x4  
  60  7:45  Overlord x2  
  60  7:56  Hydralisk x3, Muscular Augments  
  60  7:57  Hydralisk x7  
  80  7:59  Hatchery  
  80  8:01  Overseer  
  80  8:03  Overseer  
  79  8:07  Queen  
  79  8:11  Queen  
  83  8:13  Hydralisk x2  
  87  8:49  Hydralisk x8  
  87  8:50  Hydralisk x2  
  107  9:09  Hydralisk x2  
  107  9:10  Hydralisk x4  
  107  9:15  Drone x2  
  89  9:43  Hydralisk x2  
  89  9:44  Hydralisk x6  
  77  10:14  Hydralisk x7  
  77  10:15  Hydralisk x2  
  77  10:19  Drone  
  96  10:40  Overseer  
  96  10:48  Drone x3  
  96  10:49  Evolution Chamber x2  
  97  10:50  Drone  
  97  10:51  Drone x8  
  97  10:52  Drone x3  
  97  10:54  Extractor  
  97  10:55  Extractor  
  72  11:32  Drone  
  72  11:33  Drone x8  
  72  11:34  Drone x2  
  72  11:37  Queen  
  84  11:40  Hydralisk x4  
  84  11:41  Hydralisk  
  94  11:52  Spire  
  94  11:53  Hydralisk  
  94  11:54  Hydralisk x2  
  93  11:57  Zerg Missile Weapons Level 1  
  93  11:58  Zerg Ground Armor Level 1  
  99  12:19  Overseer  
  97  12:51  Hydralisk x8  
  97  12:52  Hydralisk x6  
  125  13:04  Zerg Flyer Weapons Level 1  
  125  13:08  Queen  
  125  13:10  Overlord x5  
  127  13:12  Corruptor  
  127  13:13  Corruptor x2  
  133  13:38  Overseer  
  133  13:41  Mutalisk  
  133  13:42  Corruptor x4  
  143  13:59  Zerg Missile Weapons Level 2  
  143  14:03  Hatchery, Overlord x2  
  143  14:08  Corruptor  
  143  14:09  Corruptor  
  146  14:29  Corruptor x3  
  152  15:04  Extractor  
  149  15:07  Extractor  
  138  15:23  Corruptor  
  138  15:24  Corruptor x6  
  146  15:39  Overseer  
  146  15:47  Corruptor x2  
Tags
 
Add a new tag
Caveats
  • Supply blocks, unpowered buildings, or Contaminate may cause inaccurate times.
  • Supply counts are checked every 10 seconds.